 Dungeon Crawl Stone Soup version 0.28-a0-828-g0121872642 (webtiles) character file.

Game seed: 15246471539658043402

5 flotson the Sneak (level 1, -8/10 HPs)
             Began as a Felid Delver on Nov 10, 2021.
             Mangled by Grinder (11 damage)
             ... on level 3 of the Dungeon.
             The game lasted 00:01:31 (416 turns).

flotson the Sneak (Felid Delver)                     Turns: 416, Time: 00:01:32

Health: -8/10      AC:  1    Str:  8    XL:     1   Next: 66%
Magic:  2/2        EV: 18    Int: 11    God:
Gold:   37         SH:  0    Dex: 17    Spells: 0/0 levels left
                                        Lives:  0   Deaths: 0

rFire   . . .      SeeInvis +     - Unarmed
rCold   . . .      Faith    .   (shield unavailable)
rNeg    . . .      Spirit   .   (armour unavailable)
rPois   .          Reflect  .   (helmet unavailable)
rElec   .          Harm     .   (cloak unavailable)
rCorr   .          Rampage  .   (gloves unavailable)
Will    .....                   (boots unavailable)
Stlth   +++.......              (no amulet)
HPRegen 0.03/turn               (no ring)
MPRegen 0.08/turn               (no ring)

@: lethally poisoned (-8 -> -13), quick
A: very small, claws 1, fangs 3, see invisible, speed 1, shaggy fur 1, stealthy
paws, no weapons or thrown items, no armour, multi-lived
a: no special abilities


You were on level 3 of the Dungeon.
You visited 1 branch of the dungeon, and saw 3 of its levels.

You collected 37 gold pieces.

Inventory:

Wands
 e - a wand of digging (3)
Scrolls
 a - a scroll of fog
 b - a scroll of magic mapping
 c - a scroll of fear
 d - a scroll of identify {unknown}
 f - a scroll of noise {unknown}
 g - a scroll of immolation {unknown}


   Skills:
 + Level 3.1 Fighting
 + Level 3.0 Dodging
 - Level 6.6 Stealth
 + Level 2.1 Unarmed Combat


You couldn't memorise any spells.
You didn't know any spells.
Your spell library contained the following spells:

 Spells                   Type           Power      Damage    Failure   Level
 Ensorcelled Hibernation  Hex/Ice        0%         N/A       47%         2
 Spider Form              Tmut/Pois      0%         N/A       71%         3


Dungeon Overview and Level Annotations

Branches:
Dungeon (5/15)
 Temple: D:4-7

Altars:

Annotations:
D:3 Grinder


Innate Abilities, Weirdness & Mutations

You have sharp claws.
You have razor-sharp teeth.
You have supernaturally acute eyesight. (SInv)
You cover ground quickly. (Speed+)
You are covered in fur. (AC +1)
Your paws help you pounce on unaware monsters.
You are incapable of wielding weapons or throwing items.
You cannot wear armour.
You gain extra lives every three experience levels.


Message History

No target in view!
No target in view!
No target in view!
No target in view!
No target in view!
g - a scroll labelled ROARIU UDGHUTE A goblin comes into view.
It is wielding a +0 dagger.
Found a scale mail.
An adder comes into view.
The adder hisses angrily.
Found an escape hatch in the floor.
Grinder comes into view.
You scratch the adder.
The adder is moderately wounded.
The adder closely misses you.
You closely miss the adder.
The adder is moderately wounded.
The adder closely misses you.
You scratch the adder.
The adder is severely wounded.
The adder misses you. Grinder barely misses you. The adder closely misses you.
You barely miss the adder. You bite the adder.
The adder is severely wounded.
Grinder barely misses you. The adder bites you.
You barely miss the adder.
The adder is severely wounded.
Grinder misses you. The adder bites you.
You are lethally poisoned!
The adder poisons you!
You are too injured to fight recklessly!
You are too injured to fight recklessly!
You are too injured to fight recklessly!
You are too injured to fight recklessly!
Unknown command.
You closely miss the adder.
The adder is severely wounded.
* * * LOW HITPOINT WARNING * * *
You feel sick. The adder closely misses you. Grinder hits you!
Ouch! That really hurt!
You die...

###..###.#..#
#######.###
#...........g.. #.#
#.##..#.##.... #.#
#.##..#.##>#. ##.#
#.##........ #..#
#.###.#.##.# #.##
#.###.#.##S# #.#
#..........### #.# ##
#######[..@S.#
#######.###.
#.##5.............##.
#....#.#######.....#.
######.# #........ #
##.....#. ##...##.
##..... ###### #


You could see Grinder and 2 adders.

Vanquished Creatures
  3 jackals (D:3)
  A kobold (D:3)
  A rat (D:3)
5 creatures vanquished.

Notes
Turn   | Place    | Note
-------+----------+-------------------------------------------
     0 | D:5      | flotson the Felid Delver began the quest for the Orb.
     0 | D:5      | Reached XP level 1. HP: 10/10 MP: 2/2
    69 | D:4      | Noticed an orc warrior
   410 | D:3      | Noticed Grinder
   416 | D:3      | Mangled by Grinder

Illustrated notes

Levels and vault maps discovered:
D:3:      layout_loops_cross, st_stairs_2, uniq_grinder
D:4:      layout_cave_pools, gammafunk_temple_overflow_arena
D:5:      layout_gridville, trog_wizard, uniq_prince_ribbit1

Skill      XL: |  1 |
---------------+----+-----
Dodging        | 3 |  3.0
Fighting       | |  3.1
Stealth        | |  6.6
Unarmed Combat | |  2.1

Action                   || total
-------------------------++-------
Melee: Unarmed           ||    21
       Bite              ||     3
  Use: Potion            ||     1
 Stab: Sleeping          ||     2
Dodge: Dodged            ||    17

Table legend: (Time is in decaauts)
 A = Elapsed time spent in this place.
 B = Non-inter-level travel time spent in this place.
 C = Inter-level travel time spent in this place.
 D = Time resting spent in this place.
 E = Time spent auto-exploring this place.
 F = Levels seen in this place.
 G = Mean time per level.
                   A        B        C        D        E       F      G
               +--------+--------+--------+--------+--------+-----+--------+
         Total |    356 |    356 |      0 |      0 |    264 |   3 |  118.7 |
       Dungeon |    356 |    356 |      0 |      0 |    264 |   3 |  118.7 |
               +--------+--------+--------+--------+--------+-----+--------+

Top non-repeatable levels by time:
     D:3: 297 daAuts
     D:4: 51 daAuts
     D:5: 7 daAuts
